 Dungeon Crawl Stone Soup version 0.29-a0-323-g050149af67 (webtiles) character file.

Game seed: 15150495580774103572

99 siradein the Magician (level 5, -4/39 HPs)
             Began as a Djinni Warper on Apr 11, 2022.
             Killed by divine providence
             ... invoked by an orc priest
              (13 damage)
             ... on level 3 of the Dungeon.
             The game lasted 00:10:35 (4071 turns).

siradein the Magician (Djinni Warper)               Turns: 4071, Time: 00:10:36

Health: -4/39      AC:  5    Str: 10    XL:     5   Next: 2%
Gold:   104        EV: 12    Int: 17    God:
                   SH:  0    Dex: 12

rFire   + + .      SeeInvis .   o - +0 falchion (vorpal)
rCold   . . .      Faith    .   (no shield)
rNeg    . . .      Spirit   .   b - +0 leather armour
rPois   ∞          Reflect  .   (no helmet)
rElec   .          Harm     .   (no cloak)
rCorr   .          Rampage  .   n - +1 pair of gloves
Will    .....                   (boots unavailable)
Stlth   +.........              (no amulet)
HPRegen 0.13/turn               p - ring of protection from cold
MPRegen 0.00/turn               (no ring)

@: flying
A: sickness immunity, fire resistance 2, cold vulnerability 1, float, innate
caster, HP casting, extra vitality 1
a: no special abilities


You were on level 3 of the Dungeon.
You visited 1 branch of the dungeon, and saw 4 of its levels.

You collected 130 gold pieces.
You spent 26 gold pieces at shops.

Inventory:

Hand Weapons
 o - a +0 vorpal falchion (weapon)
Missiles
 d - 7 boomerangs of dispersal (quivered)
Armour
 b - a +0 leather armour (worn)
 n - a +1 pair of gloves (worn)
Magical Staves
 g - a staff of poison
Jewellery
 j - an amulet of faith
 p - a ring of protection from cold (left hand)
Scrolls
 c - a scroll of blinking
 f - 3 scrolls of teleportation {unknown}
 k - 2 scrolls of fear {unknown}
 r - a scroll of silence {unknown}
 s - 2 scrolls of immolation {unknown}
Potions
 e - a potion of degeneration {unknown}
 h - a potion of heal wounds {unknown}
 i - a potion of might {unknown}
 l - a potion of curing {unknown}
 m - a potion of lignification {unknown}


   Skills:
 + Level 2.6 Fighting
 + Level 2.3 Long Blades
 - Level 0.7 Throwing
 + Level 1.9 Armour
 + Level 2.7 Dodging
 * Level 3.1 Spellcasting


You couldn't memorise any spells.
You knew the following spells:

 Your Spells              Type           Power      Damage    Failure   Level
a - Blink                 Tloc           26%        N/A       10%         2
b - Lesser Beckoning      Tloc           13%        N/A       19%         3
c - Gell's Gravitas       Tloc           13%        N/A       19%         3
d - Teleport Other        Tloc           13%        N/A       19%         3
e - Manifold Assault      Tloc           13%        N/A       86%         5
f - Freeze                Ice            52%        1d7       6%          1
g - Scorch                Fire           26%        2d6       10%         2
Your spell library was empty.

Dungeon Overview and Level Annotations

Branches:
Dungeon (4/15)
 Temple: D:4-7

Altars:
Xom

Shops:
D:3 ?

Annotations:
D:3 1 runed translucent door, Cecur's ghost, weakling DrCj


Innate Abilities, Weirdness & Mutations

You are immune to sickness and miasma.
You are immune to poison.
Your flesh is very heat resistant. (rF++)
You are vulnerable to cold. (rC-)
You float through the air rather than walking.
You learn spells naturally, not from books.
Your magical power is your life essence.
You have superior vitality. (+4 MHP)


Message History

You barely miss the orc priest. The orc priest barely misses you.
You hit the orc priest.
The orc priest is lightly wounded.
The orc priest closely misses you.
You slash the orc priest!
The orc priest is severely wounded.
The orc priest closely misses you.
You barely miss the orc priest.
The orc priest is severely wounded.
The orc priest hits you with a +0 whip. x2
You hit the orc priest but do no damage.
The orc priest is severely wounded.
The orc priest invokes the aid of Beogh against you.
Pain shoots through your body!
You are too injured to fight recklessly!
You closely miss the orc priest.
The orc priest is severely wounded.
The orc priest closely misses you.
You barely miss the orc priest.
The orc priest is severely wounded.
The orc priest calls down the wrath of Beogh upon you.
Beogh smites you!
* * * LOW HITPOINT WARNING * * *
You closely miss the orc priest.
The orc priest is severely wounded.
The orc priest barely misses you.
You hit the orc priest.
The orc priest is almost dead.
The orc priest closely misses you.
You closely miss the orc priest.
The orc priest is almost dead.
The orc priest barely misses you. x2
You barely miss the orc priest.
The orc priest is almost dead.
The orc priest hits you but does no damage.
You closely miss the orc priest.
The orc priest is almost dead.
The orc priest mumbles some strange prayers to Beogh against you.
Beogh smites you!
You die...

.#.#.#.#.#.....#.........#.......
#.#.#.#.#.#.....>..........###...
##.###.###...............### #...
#.#.#.#.#.#..............# #...
.#.#.#.#.#...............######.#
###########......#..........# #.#
#......#......##..###.# ##
#######.....)o.......#...##.. .##
#...........@........##.(##..
..###.................)..##...#..
#.....#..........#...)..###......
......#..........#####...####....
.................#.$.#.#.#.......
.................#.≈.#.....#.#...
....##)#.........#.≈.#...........
....##.##......#.#.≈.###........#
.......########..#.≈W#...##.#...#


You could see an orc priest.

Vanquished Creatures
  2 adders (D:2)
  A worm (D:3)
  10 orcs
  5 bats
  5 endoplasms
  A giant cockroach (D:2)
  7 goblins
  4 hobgoblins (D:1)
  8 jackals
  2 quokkas (D:1)
  5 ball pythons
  4 frilled lizards
  6 kobolds
  3 rats (D:1)
63 creatures vanquished.

Notes
Turn   | Place    | Note
-------+----------+-------------------------------------------
     0 | D:1      | siradein the Djinni Warper began the quest for the Orb.
     0 | D:1      | Reached XP level 1. HP: 18/18 MP: 0/0
   390 | D:1      | Reached XP level 2. HP: 23/23 MP: 0/0
   878 | D:1      | Reached XP level 3. HP: 24/28 MP: 0/0
   878 | D:1      | Learned a level 1 spell: Freeze
  1339 | D:1      | Reached XP level 4. HP: 17/34 MP: 0/0
  1794 | D:2      | Reached skill level 3 in Spellcasting
  1879 | D:2      | Found a faded altar of an unknown god.
  2696 | D:3      | Found a runed translucent door.
  2699 | D:3      | Noticed Cecur's ghost (weakling DrCj)
  2905 | D:3      | Found a shimmering altar of Xom.
  3680 | D:3      | Found Fotat's Magic Scroll Shop.
  3689 | D:3      | Bought a scroll of identify for 26 gold pieces
  3976 | D:3      | Reached XP level 5. HP: 31/39 MP: 0/0
  3976 | D:3      | Learned a level 2 spell: Scorch
  4071 | D:3      | Killed from afar by an orc priest

Illustrated notes

Levels and vault maps discovered:
D:1:      saegor_arrival_under_anarchy, layout_loops_ring, minmay_domino_4
D:2:      layout_loops_cross, ebering_ecumenical_altar_hall,
          serial_co_window_serial, co_window_of_opportunity_a,
          co_window_of_opportunity_a, co_window_paths_b, co_window_corner_a,
          co_window_paths_b, co_window_of_opportunity_b,
          co_window_unsneaky_path_d, co_window_corner_b,
          co_window_unsneaky_path_a, co_window_broadway_b, minmay_misc_feat_x
D:3:      layout_rooms, mainiacjoe_overflow_brackets, serial_shops,
          nicolae_lakefront_shop, ebering_ghost_reflecting_pool,
          dk_noncrumbling_3, minivault_11, grunt_ministairs_2,
          minmay_misc_feat_five, minmay_liquid_box, roderic_roman_lattice
D:4:      nicolae_BIG_FREAKIN_CUBE, layout_rooms

Skill      XL: |  1  2  3  4 |
---------------+-------------+-----
Long Blades    | 2 |  2.3
Spellcasting   | 3 |  3.1
Fighting       | |  2.6
Throwing       | |  0.7
Armour         | |  1.9
Dodging        | |  2.7

Action                   |  1- 3 |  4- 6 || total
-------------------------+-------+-------++-------
Melee: Falchion          |    89 |   143 ||   232
       Punch             |     1 |     1 ||     2
  Use: Scroll            |       |     2 ||     2
Armor: Leather armour    |    23 |    30 ||    53
Dodge: Dodged            |    46 |   116 ||   162

Table legend: (Time is in decaauts)
 A = Elapsed time spent in this place.
 B = Non-inter-level travel time spent in this place.
 C = Inter-level travel time spent in this place.
 D = Time resting spent in this place.
 E = Time spent auto-exploring this place.
 F = Levels seen in this place.
 G = Mean time per level.
                   A        B        C        D        E       F      G
               +--------+--------+--------+--------+--------+-----+--------+
         Total |   4118 |   4022 |     96 |    604 |   2787 |   4 | 1029.5 |
       Dungeon |   4118 |   4022 |     96 |    604 |   2787 |   4 | 1029.5 |
               +--------+--------+--------+--------+--------+-----+--------+

Top non-repeatable levels by time:
     D:3: 1502 daAuts
     D:1: 1345 daAuts
     D:2: 1248 daAuts
     D:4: 22 daAuts
